 Dungeon Crawl Stone Soup version 0.29-a0-352-g0917bc69df (webtiles) character file.

Game seed: 9941449427366659394

3527 bastard the Unseen (level 9, -3/39 HPs)
             Began as a Spriggan Enchanter on Apr 23, 2022.
             Was an Initiate of Ashenzari.
             Slain by a kobold brigand
             ... wielding a +0 whip
              (6 damage)
             ... on level 7 of the Dungeon.
             The game lasted 00:16:09 (8162 turns).

bastard the Unseen (Spriggan Enchanter)             Turns: 8162, Time: 00:16:10

Health: -3/39      AC:  5    Str:  4    XL:     9   Next: 82%
Magic:  14/14      EV: 18    Int: 23    God:    Ashenzari [......]
Gold:   409        SH:  0    Dex: 23    Spells: 3/14 levels left

rFire   . . .      SeeInvis +   a - +1 dagger (vorpal)
rCold   . . .      Faith    .   (no shield)
rNeg    + . .      Spirit   .   i - +1 robe of Distant Shores {Rampage Int+4 Slay+3 SInv}
rPois   .          Reflect  .   v - +2 hat of the Fated Doubts {rN+, Self, Bglg} (curse)
rElec   .          Harm     .   (no cloak)
rCorr   .          Rampage  +   (gloves unavailable)
Will    +....                   (boots unavailable)
Stlth   ++++++....              (no amulet)
HPRegen 0.13/turn               d - +6 ring of dexterity
MPRegen 0.14/turn               (no ring)

@: lethally poisoned (-3 -> -14), slowed, quick
A: very small, no large weapons, unfitting armour, see invisible, speed 3
a: Renounce Religion, Shatter the Chains


You were on level 7 of the Dungeon.
You worshipped Ashenzari.
Ashenzari was noncommittal.
You visited 2 branches of the dungeon, and saw 8 of its levels.

You collected 409 gold pieces.

Inventory:

Hand Weapons
 a - a +1 vorpal dagger (weapon)
Missiles
 j - a throwing net (quivered)
Armour
 i - the +1 robe of Distant Shores (worn) {Rampage Int+4 Slay+3 SInv}
   (You found it on level 2 of the Dungeon)

   Int:       It affects your intelligence (+4).
   Slay:      It affects your accuracy & damage with ranged weapons and melee
   (+3).
   SInv:      It lets you see invisible.
   Rampage:   It bestows one free step when moving towards enemies.
 q - +0 fire dragon scales
 v - the cursed +2 hat of the Fated Doubts (worn) {rN+, Self, Bglg}
   (You acquired it in the Ecumenical Temple)

   rN:        It protects you from negative energy.
   It has a curse which improves the following skills: Introspection: Fighting
   and Spellcasting.
   Beguiling: Conjurations, Hexes and Translocations.
 y - +0 swamp dragon scales
Jewellery
 d - a +6 ring of dexterity (left hand)
Wands
 p - a wand of flame (8)
 r - a wand of mindburst (12)
 w - a wand of polymorph (9)
 x - a wand of digging (2)
Scrolls
 m - 3 scrolls of amnesia
 t - 2 scrolls of fear
 u - 6 scrolls of teleportation
Potions
 b - a potion of lignification {unknown}
 c - 2 potions of invisibility
 e - 2 potions of berserk rage
 f - 3 potions of curing
 g - 2 potions of attraction
 h - 2 potions of mutation
 k - 3 potions of heal wounds
 l - 2 potions of magic {unknown}
 n - a potion of degeneration {unknown}
 o - a potion of flight {unknown}
 s - 3 potions of haste {unknown}
 z - 2 potions of might {unknown}
 A - a potion of cancellation {unknown}


   Skills:
 + Level 9.5 Short Blades
 - Level 2.6 Dodging
 - Level 15.4 Stealth
 - Level 2.6(3.0) Spellcasting
 - Level 7.4(7.9) Hexes


You had 3 spell levels left.
You knew the following spells:

 Your Spells              Type           Power      Damage    Failure   Level
a - Ensorcelled Hibernat  Hex/Ice        42%        N/A       3%          2
b - Confusing Touch       Hex            39%        N/A       1%          3
c - Dazzling Flash        Conj/Hex       42%        N/A       7%          3
d - Tukima's Dance        Hex            39%        N/A       1%          3

Your spell library contained the following spells:

 Spells                   Type           Power      Damage    Failure   Level
 Sublimation of Blood     Necr           3%         N/A       17%         2
 Petrify                  Tmut/Erth      3%         N/A       75%         4
 Alistair's Intoxication  Tmut/Pois      2%         N/A       97%         5
 Borgnjor's Vile Clutch   Necr/Erth      1%         N/A       97%         5
 Irradiate                Conj/Tmut      1%         3d13      97%         5
 Eringya's Noxious Bog    Tmut/Pois      1%         N/A       100%        6


Dungeon Overview and Level Annotations

Branches:
Dungeon (7/15)             Temple (1/1) D:6

Altars:
Ashenzari
Cheibriados
Dithmenos
Elyvilon
Fedhas
Gozag
Hepliaklqana
Kikubaaqudgha
Makhleb
Nemelex Xobeh
Okawaru
Qazlal
Ru
Sif Muna
Trog
Uskayaw
Vehumet
Wu Jian
Xom
Yredelemnul
Zin
The Shining One

Annotations:
D:3 2 transporters, Psyclone's ghost, amateur OpIE


Innate Abilities, Weirdness & Mutations

You are very small and have problems with some larger weapons.
You are too small for most types of armour.
You have supernaturally acute eyesight. (SInv)
You cover ground extremely quickly. (Speed+++)


Message History

You are too injured to fight recklessly!
You are too injured to fight recklessly!
You are too injured to fight recklessly!
You are too injured to fight recklessly!
You are too injured to fight recklessly!
You are too injured to fight recklessly!
You are too injured to fight recklessly!
You are too injured to fight recklessly!
You are too injured to fight recklessly!
You are too injured to fight recklessly!
You are too injured to fight recklessly!
You feel sick.
You are no longer poisoned.
The kobold brigand throws a curare-tipped dart.
The curare-tipped dart completely misses you.
The kobold throws a poisoned dart.
The poisoned dart closely misses you.
There is an open door here.
You close the door.
A kobold brigand opens the door.
It is wielding a +0 whip and quivering curare-tipped darts.
You are too injured to fight recklessly!
You are too injured to fight recklessly!
Unknown command.
The kobold brigand throws a curare-tipped dart.
The curare-tipped dart hits you.
You are lethally poisoned!
You have difficulty breathing.
You feel yourself slow down.
You rampage towards the kobold!
* * * LOW HITPOINT WARNING * * *
You feel very sick.
You barely miss the kobold brigand.
The kobold brigand is almost dead.
* * * LOW HITPOINT WARNING * * *
You feel very sick.
The kobold shouts!
You hit the kobold brigand.
The kobold brigand is almost dead.
* * * LOW HITPOINT WARNING * * *
You feel very sick.
The kobold brigand hits you with a +0 whip.
You die...

##### #....# #......# #
####..#....# #......# #
.....#....# #......# #
)...#....# #......# #
#...#....# #......# #
#...#....######......#
#...#####............#
#...##..#............#
#..KK@..'............#
#..K###'#............# ###
#...##..#######......#
##..###.).##...#....'......#
#
...........#...+....#......#
#
........K.######....#......#
#
......K.K.#....#....#......#
#
###+##....#....###'##......#
# #....#....#....#......#


You could see a kobold brigand and 2 kobolds.

Vanquished Creatures
  Pikel (D:5)
  Maggie (D:7)
  A water moccasin (D:3)
  An orc warrior (D:6)
  2 ice beasts (D:6)
  A sky beast (D:7)
  2 ogres
  A phantom (D:6)
  3 kobold brigands
  2 bullfrogs
  A gnoll sergeant (D:6)
  A necrophage (D:4)
  8 scorpions
  2 wights (D:6)
  3 killer bees (D:7)
  A howler monkey (D:6)
  2 jellies
  2 orc priests
  2 gnoll shamans
  3 hounds
  Terence (D:2)
  5 iguanas
  4 orc wizards
  11 gnolls
  5 adders
  A shadow imp (D:6)
  3 ufetubi
  3 worms
  2 dart slugs (D:3)
  28 orcs
  4 ball pythons
  6 endoplasms
  2 giant cockroaches (D:2)
  A goblin (D:2)
  10 hobgoblins
  6 jackals
  19 kobolds
  8 quokkas
  4 bats
  4 frilled lizards
  2 rats
169 creatures vanquished.

Notes
Turn   | Place    | Note
-------+----------+-------------------------------------------
     0 | D:1      | bastard the Spriggan Enchanter began the quest for the Orb.
     0 | D:1      | Reached XP level 1. HP: 9/9 MP: 5/5
   255 | D:1      | Found a faded altar of an unknown god.
   270 | D:1      | Reached XP level 2. HP: 13/13 MP: 6/6
   274 | D:1      | Learned a level 2 spell: Ensorcelled Hibernation
   988 | D:2      | Reached skill level 5 in Hexes
  1051 | D:2      | Noticed Terence
  1071 | D:2      | Killed Terence
  1072 | D:2      | Reached XP level 3. HP: 11/16 MP: 5/8
  1204 | D:2      | Learned a level 3 spell: Confusing Touch
  1385 | D:2      | Found an opulent altar of Gozag.
  1632 | D:2      | Reached XP level 4. HP: 17/21 MP: 4/9
  1636 | D:2      | Identified the +1 robe of Distant Shores {Rampage Int+4
                  | Slay+3 SInv}
  2893 | D:3      | Noticed a scorpion
  2897 | D:3      | Killed a scorpion
  2898 | D:3      | Reached XP level 5. HP: 24/24 MP: 10/10
  3002 | D:3      | Noticed an ogre
  3005 | D:3      | Identified the +4 great mace "Achios" {vorpal, Stlth+}
  3005 | D:3      | Noticed an ogre
  3006 | D:3      | Noticed Psyclone's ghost (amateur OpIE)
  3009 | D:3      | Found a transporter.
  3024 | D:3      | Noticed a water moccasin
  3030 | D:3      | Killed a water moccasin
  3031 | D:3      | Reached skill level 6 in Stealth
  3031 | D:3      | Reached XP level 6. HP: 20/28 MP: 11/11
  3404 | D:4      | Reached skill level 7 in Stealth
  3438 | D:3      | Found a transporter.
  3668 | D:4      | Found a glowing golden altar of the Shining One.
  3969 | D:4      | You fall into a shaft and drop 1 floor!
  3969 | D:5      | Entered Level 5 of the Dungeon
  3979 | D:5      | Reached skill level 8 in Stealth
  4059 | D:5      | Reached skill level 9 in Stealth
  4059 | D:5      | Reached XP level 7. HP: 32/32 MP: 9/12
  4296 | D:5      | Noticed Pikel
  4922 | D:4      | Reached skill level 10 in Stealth
  5170 | D:5      | Reached skill level 11 in Stealth
  5213 | D:5      | Killed Pikel
  5214 | D:5      | Reached skill level 13 in Stealth
  5214 | D:5      | Reached XP level 8. HP: 30/36 MP: 9/13
  5496 | D:5      | Reached skill level 14 in Stealth
  5643 | D:6      | Reached skill level 15 in Stealth
  6020 | D:6      | Found a staircase to the Ecumenical Temple.
  6041 | Temple   | Entered the Ecumenical Temple
  6349 | Temple   | Became a worshipper of Ashenzari the Shackled
  6350 | Temple   | Identified a scroll of acquirement
  6350 | Temple   | Acquired the +2 hat of Defiance {rN+}
  6403 | D:6      | Reached XP level 9. HP: 30/39 MP: 7/14
  6519 | D:6      | Reached skill level 5 in Short Blades
  6759 | D:6      | Learned a level 3 spell: Dazzling Flash
  6763 | D:6      | Learned a level 3 spell: Tukima's Dance
  7680 | D:7      | Noticed Maggie
  7687 | D:7      | Killed Maggie
  8162 | D:7      | Slain by a kobold brigand

Illustrated notes

Levels and vault maps discovered:
D:1:      dpeg_arrival_rooms_c, layout_rooms, hellmonk_ecumenical_altar_zigzags
D:2:      layout_basic, basic_altar, minivault_11, nrook_uturn,
          kennysheep_potato, uniq_terence
D:3:      layout_basic, gammafunk_ghost_smash, minivault_26, minmay_starry_boxes
D:4:      layout_gridville, nicolae_tso_swordbearing_angel
D:5:      layout_gridville, gup_sewer_entry_glass, sigmund_army, uniq_pikel
D:6:      layout_loops_ring, minmay_temple_entry_grid, minmay_joined_circles
D:7:      layout_gridville, uniq_maggie
Temple:   mainiacjoe_temple_hex_bubbles

Skill      XL: |  1  2  3  4  5  6  7  8  9 |
---------------+----------------------------+-----
Hexes          | 4 5 6 7 |  7.4
Stealth        | 6 9 13 15 | 15.4
Short Blades   | 4 9 |  9.5
Dodging        | |  2.6
Spellcasting   | |  2.6

Action                   |  1- 3 |  4- 6 |  7- 9 || total
-------------------------+-------+-------+-------++-------
Melee: Dagger            |    80 |    76 |   213 ||   369
       Punch             |     2 |     1 |     3 ||     6
Throw: Throwing net      |       |       |     1 ||     1
 Cast: Ensorcelled Hiber |     9 |     4 |    46 ||    59
       Confusing Touch   |       |       |     5 ||     5
Invok: Curse Item        |       |       |     1 ||     1
  Use: Scroll            |     3 |     7 |     5 ||    15
 Stab: Sleeping          |    12 |    24 |    56 ||    92
       Distracted        |       |       |     2 ||     2
       Confused          |       |       |     4 ||     4
Armor: Robe              |     1 |     5 |    13 ||    19
Dodge: Dodged            |    65 |    41 |   164 ||   270

Table legend: (Time is in decaauts)
 A = Elapsed time spent in this place.
 B = Non-inter-level travel time spent in this place.
 C = Inter-level travel time spent in this place.
 D = Time resting spent in this place.
 E = Time spent auto-exploring this place.
 F = Levels seen in this place.
 G = Mean time per level.
                   A        B        C        D        E       F      G
               +--------+--------+--------+--------+--------+-----+--------+
         Total |   6237 |   6114 |    123 |      0 |   5079 |   8 |  779.6 |
       Dungeon |   6024 |   5911 |    113 |      0 |   4930 |   7 |  860.6 |
        Temple |    212 |    202 |     10 |      0 |    149 |   1 |  212.0 |
               +--------+--------+--------+--------+--------+-----+--------+

Top non-repeatable levels by time:
     D:6: 1190 daAuts
     D:2: 1157 daAuts
     D:3: 977 daAuts
     D:4: 853 daAuts
     D:1: 717 daAuts
     D:5: 598 daAuts
     D:7: 529 daAuts
  Temple: 212 daAuts
